 Dungeon Crawl Stone Soup version 0.26.1-11-gd32895ea62 (webtiles) character file.

Game seed: 14121569509862450273

498 0gre the Chiller (level 7, -13/50 HPs)
             Began as a Gnoll Ice Elementalist on July 21, 2021.
             Was a Follower of Vehumet.
             Mangled by an ice beast (14 damage)
             ... on level 5 of the Dungeon.
             The game lasted 00:23:21 (3913 turns).

0gre the Chiller (Gnoll Ice Elementalist)           Turns: 3913, Time: 00:23:21

Health: -13/50     AC:  2    Str: 10    XL:     7   Next: 16%
Magic:  15/15      EV: 15    Int: 19    God:    Vehumet [*.....]
Gold:   204        SH:  0    Dex: 16    Spells: 12/17 levels left

rFire    . . .     SeeInvis +   a - +0 war axe
rCold    . . .     Faith    .   (no shield)
rNeg     . . .     Spirit   .   j - +0 robe
rPois    .         Reflect  .   (no helmet)
rElec    .         Harm     .   (no cloak)
rCorr    +         Rampage  .   (no gloves)
Will     .....                  (no boots)
Stlth    +++.......             (no amulet)
HPRegen  0.16/turn              h - ring of see invisible
MPRegen  0.14/turn              u - ring of resist corrosion

@: no status effects
A: distributed training, fangs 1, strong nose
a: Renounce Religion


You were on level 5 of the Dungeon.
You worshipped Vehumet.
Vehumet was aware of your devotion.
You visited 1 branch of the dungeon, and saw 5 of its levels.

You collected 204 gold pieces.

Inventory:

Hand Weapons
 a - a +0 war axe (weapon)
 b - a +0 hunting sling
 c - a +0 spear
Missiles
 d - 47 bolts
 i - 56 sling bullets
 l - 11 arrows
 n - 88 stones
Armour
 j - a +0 robe (worn)
Jewellery
 h - a ring of see invisible (left hand)
 u - a ring of resist corrosion (right hand)
Scrolls
 e - 7 scrolls of teleportation
 f - 3 scrolls of enchant armour
 g - 3 scrolls of fear
 k - a scroll of amnesia
 m - a scroll of enchant weapon
 p - 2 scrolls of magic mapping
 q - 2 scrolls of blinking {unknown}
 t - a scroll of immolation {unknown}
 v - a scroll of identify
Potions
 o - 2 potions of haste
 r - a potion of brilliance {unknown}
 s - 2 potions of lignification


   Skills:
 + Level 2.3 Fighting
 + Level 2.3 Short Blades
 + Level 2.3 Long Blades
 + Level 2.3 Axes
 + Level 2.3 Maces & Flails
 + Level 2.3 Polearms
 + Level 2.3 Staves
 + Level 2.3 Slings
 + Level 2.3 Bows
 + Level 2.3 Crossbows
 + Level 2.3 Throwing
 + Level 2.3 Armour
 + Level 5.1 Dodging
 + Level 4.8 Stealth
 + Level 2.3 Shields
 + Level 2.3 Unarmed Combat
 + Level 5.5 Spellcasting
 + Level 1.8 Conjurations
 + Level 1.8 Hexes
 + Level 1.8 Summonings
 + Level 1.8 Necromancy
 + Level 1.8 Translocations
 + Level 1.8 Transmutations
 + Level 1.8 Fire Magic
 + Level 7.3 Ice Magic
 + Level 1.8 Air Magic
 + Level 1.8 Earth Magic
 + Level 1.8 Poison Magic
 + Level 2.5 Invocations
 + Level 2.3 Evocations


You had 12 spell levels left.
You knew the following spells:

 Your Spells              Type           Power        Failure   Level
a - Freeze                Ice            100%         1%          1
b - Frozen Ramparts       Ice            66%          1%          3
q - Foxfire               Conj/Fire      48%          5%          1

Your spell library contained the following spells:

 Spells                   Type           Power        Failure   Level
 Ozocubu's Armour         Ice            33%          1%          3
 Hailstorm                Conj/Ice       22%          17%         4
 Summon Ice Beast         Ice/Summ       22%          17%         4


Dungeon Overview and Level Annotations

Branches:
Dungeon (5/15)
 Temple: D:4-7

Altars:
Elyvilon
Qazlal
Vehumet
Xom


Innate Abilities, Weirdness & Mutations

Your experience applies equally to all skills.
You have very sharp teeth.
Your uncanny sense of smell can sniff out nearby items.


Message History

You hit the ice beast.
You bite the ice beast, but do no damage.
The ice beast is severely wounded.
The ice beast hits you. The ice beast freezes you.
* * * LOW HITPOINT WARNING * * *
The ice beast closely misses you.
You hit the ice beast but do no damage.
The ice beast is severely wounded.
The ice beast closely misses you.
You barely miss the ice beast.
You bite the ice beast, but do no damage.
The ice beast is severely wounded.
The ice beast hits you.
* * * LOW HITPOINT WARNING * * *
The ice beast freezes you.
* * * LOW HITPOINT WARNING * * *
The ice beast hits you.
* * * LOW HITPOINT WARNING * * *
The ice beast freezes you!
You die...

##.#.#.#.#.#.#.#.#.#......#
.#.#.#.#.#.#.#.#.#.......#.#
.#.#.#.#.#.#.#.#†#........#
.#.#.#.#.#.#.#.#+........#
.#.#.#.#.#.#.#†#........
.#.#.#.#.#.#.#.#.#+#..
.#.#.#.#.#.#.#.#.#.#
.#.#.#.#.#.#+#.#.##
.#.#.#@#.....#.#.######
.#.#Y#.......#.#......
..(#.#.....#.........
((....................
......##########........
...... #........ ..#.#
#........ ..#. #........
#........


You could see an ice beast.

Vanquished Creatures
  An ogre (D:4)
  A scorpion (D:5)
  A jelly (D:5)
  2 iguanas (D:4)
  2 orc wizards
  2 worker ants
  3 gnolls (D:2)
  4 adders
  An ufetubus (D:5)
  A worm (D:3)
  2 dart slugs (D:2)
  4 leopard geckos
  16 orcs
  2 ball pythons
  2 giant cockroaches
  4 goblins
  9 hobgoblins
  15 jackals
  3 quokkas
  3 bats
  8 frilled lizards
  6 kobolds
  A leopard gecko skeleton (D:4)
  A leopard gecko zombie (D:5)
  8 rats
102 creatures vanquished.

Vanquished Creatures (others)
  2 foxfires (D:4)
2 creatures vanquished.

Grand Total: 104 creatures vanquished

Notes
Turn   | Place    | Note
-------+----------+-------------------------------------------
     0 | D:1      | 0gre the Gnoll Ice Elementalist began the quest for the
                  | Orb.
     0 | D:1      | Reached XP level 1. HP: 13/13 MP: 6/6
   205 | D:1      | Reached XP level 2. HP: 10/19 MP: 7/7
  1123 | D:2      | Reached XP level 3. HP: 25/25 MP: 9/9
  1127 | D:2      | Learned a level 3 spell: Frozen Ramparts
  1164 | D:2      | Reached skill level 5 in Spellcasting
  1238 | D:2      | Reached skill level 1 in Invocations
  1530 | D:2      | Reached skill level 1 in Fighting
  1530 | D:2      | Reached skill level 1 in Short Blades
  1530 | D:2      | Reached skill level 1 in Long Blades
  1530 | D:2      | Reached skill level 1 in Axes
  1530 | D:2      | Reached skill level 1 in Maces & Flails
  1530 | D:2      | Reached skill level 1 in Polearms
  1530 | D:2      | Reached skill level 1 in Staves
  1530 | D:2      | Reached skill level 1 in Slings
  1530 | D:2      | Reached skill level 1 in Bows
  1530 | D:2      | Reached skill level 1 in Crossbows
  1530 | D:2      | Reached skill level 1 in Throwing
  1530 | D:2      | Reached skill level 1 in Armour
  1530 | D:2      | Reached skill level 1 in Shields
  1530 | D:2      | Reached skill level 1 in Unarmed Combat
  1530 | D:2      | Reached skill level 1 in Evocations
  1535 | D:2      | Reached XP level 4. HP: 32/32 MP: 7/11
  1628 | D:2      | Found a stormy altar of Qazlal.
  1864 | D:3      | Reached skill level 1 in Conjurations
  1864 | D:3      | Reached skill level 1 in Hexes
  1864 | D:3      | Reached skill level 1 in Summonings
  1864 | D:3      | Reached skill level 1 in Necromancy
  1864 | D:3      | Reached skill level 1 in Translocations
  1864 | D:3      | Reached skill level 1 in Transmutations
  1864 | D:3      | Reached skill level 1 in Fire Magic
  1864 | D:3      | Reached skill level 1 in Air Magic
  1864 | D:3      | Reached skill level 1 in Earth Magic
  1864 | D:3      | Reached skill level 1 in Poison Magic
  2113 | D:3      | Reached XP level 5. HP: 29/37 MP: 8/12
  2128 | D:3      | Found a shimmering altar of Xom.
  2128 | D:3      | Found a white marble altar of Elyvilon.
  2295 | D:3      | Found a radiant altar of Vehumet.
  2300 | D:3      | Became a worshipper of Vehumet
  2931 | D:4      | Reached XP level 6. HP: 40/44 MP: 9/13
  3216 | D:4      | Reached skill level 5 in Dodging
  3221 | D:4      | Reached * piety under Vehumet
  3221 | D:4      | Offered knowledge of Foxfire by Vehumet.
  3238 | D:4      | Learned a level 1 spell: Foxfire
  3753 | D:5      | Entered Level 5 of the Dungeon
  3792 | D:5      | Reached XP level 7. HP: 36/50 MP: 10/15
  3913 | D:5      | HP: 1/50 [ice beast (2)]
  3913 | D:5      | Mangled by an ice beast

Illustrated notes

Levels and vault maps discovered:
D:1:      mrwooster_arrival_statue_3, layout_rooms
D:2:      layout_loops_ring, chequers_decorated_corner,
          small_statue_intersection, corexii_corridor_pit, grunt_qazlal_clouds
D:3:      layout_loops_ring, gammafunk_temple_overflow_pools, marbit_many_paths
D:4:      layout_loops_ring
D:5:      layout_basic, grunt_ministairs_15, st_stairs_4

Skill      XL: |  1  2  3  4  5  6 |
---------------+-------------------+-----
Spellcasting   | 5 |  5.5
Invocations    | 1 2 |  2.5
Fighting       | 1 2 |  2.3
Short Blades   | 1 2 |  2.3
Long Blades    | 1 2 |  2.3
Axes           | 1 2 |  2.3
Maces & Flails | 1 2 |  2.3
Polearms       | 1 2 |  2.3
Staves         | 1 2 |  2.3
Slings         | 1 2 |  2.3
Bows           | 1 2 |  2.3
Crossbows      | 1 2 |  2.3
Throwing       | 1 2 |  2.3
Armour         | 1 2 |  2.3
Shields        | 1 2 |  2.3
Unarmed Combat | 1 2 |  2.3
Evocations     | 1 2 |  2.3
Conjurations   | 1 |  1.8
Hexes          | 1 |  1.8
Summonings     | 1 |  1.8
Necromancy     | 1 |  1.8
Translocations | 1 |  1.8
Transmutations | 1 |  1.8
Fire Magic     | 1 |  1.8
Air Magic      | 1 |  1.8
Earth Magic    | 1 |  1.8
Poison Magic   | 1 |  1.8
Dodging        | 5 |  5.1
Stealth        | |  4.8
Ice Magic      | |  7.3

Action                   |  1- 3 |  4- 6 |  7- 9 || total
-------------------------+-------+-------+-------++-------
Melee: Whip              |    36 |       |       ||    36
       Bite              |     5 |     2 |     2 ||     9
       War axe           |    24 |    56 |    13 ||    93
 Fire: Hunting sling     |    18 |    90 |     4 ||   112
 Cast: Freeze            |     3 |     2 |       ||     5
       Frozen Ramparts   |     3 |    19 |     1 ||    23
       Foxfire           |       |     1 |       ||     1
  Use: Scroll            |       |     8 |       ||     8
 Stab: Sleeping          |    10 |     3 |       ||    13
Armor: Robe              |     6 |     7 |     2 ||    15
Dodge: Dodged            |    30 |    69 |    13 ||   112
